 Dungeon Crawl Stone Soup version 0.31-a0-231-g51bb95cda3 (webtiles) character file.

Game seed: 6988347028895613978

189 qw the Shooter (level 5, -6/32 HPs)
             Began as a Gargoyle Hexslinger on July 6, 2023.
             Mangled by a gnoll
             ... wielding a +0 spear
             ... led by a gnoll sergeant
              (7 damage)
             ... on level 6 of the Dungeon.
             The game lasted 00:01:06 (1905 turns).

qw the Shooter (Gargoyle Hexslinger)                Turns: 1905, Time: 00:01:07

Health: -6/32      AC:  9    Str: 11    XL:     5   Next: 68%
Magic:  0/6        EV: 11    Int: 14    God:
Gold:   191        SH:  0    Dex: 14    Spells: 5/6 levels left

rFire   . . .        Y - +1 sling
rCold   . . .        (no shield)
rNeg    + + .        l - +0 leather armour
rPois   inf          (no helmet)
rElec   +            (no cloak)
rCorr   .            (no gloves)
SInv    .            b - +1 pair of boots
Will    +....        k - amulet of guardian spirit
Stlth   +            d - ring of positive energy
HPRegen 0.25/turn    m - ring of willpower
MPRegen 0.10/turn

%: guardian spirit
@: no status effects
A: sickness immunity, AC +4, negative energy resistance 1, electricity
resistance, torment resistance 1, petrification resistance
a: no special abilities


You were on level 6 of the Dungeon.
You visited 1 branch of the dungeon, and saw 4 of its levels.

You collected 191 gold pieces.


Innate Abilities, Weirdness & Mutations

You are immune to sickness and miasma.
Your stone body is resilient. (AC +4)
You are immune to poison.
You resist negative energy. (rN+)
You are resistant to electric shocks. (rElec)
You are resistant to unholy torment.
You are immune to petrification.


   Skills:
 - Level 3.0 Fighting
 + Level 5.0 Ranged Weapons
 - Level 1.5 Dodging
 - Level 1.0 Spellcasting
 - Level 2.6 Hexes


You had 5 spell levels left.
You knew the following spells:

 Your Spells              Type           Power      Damage    Failure   Level
a - Slow                  Hex            32%        N/A       12%         1

Your spell library contained the following spells:

 Spells                   Type           Power      Damage    Failure   Level
 Inner Flame              Hex/Fire       4%         N/A       52%         3
 Portal Projectile        Hex/Tloc       8%         N/A       52%         3
 Cause Fear               Hex            4%         N/A       75%         4

Inventory:

Hand Weapons
 Y - a +1 sling (weapon)
Armour
 b - a +1 pair of boots (worn)
 l - a +0 leather armour (worn)
Jewellery
 d - a ring of positive energy (left hand)
 k - an amulet of guardian spirit (around neck)
 m - a ring of willpower (right hand)
Scrolls
 c - a scroll of immolation {unknown}
 e - a scroll of identify
Potions
 a - a potion of brilliance {unknown}
 g - a potion of curing
 h - a potion of haste
 i - a potion of invisibility {unknown}
 j - a potion of degeneration {unknown}

Dungeon Overview and Level Annotations

Branches:
Dungeon (3/15)

Altars:

Shops:
D:2 [


Message History

The gnoll is moderately wounded.
The gnoll closely misses you.
You shoot a sling bullet. The sling bullet barely misses the orc.
A gnoll comes into view. It is wielding a +0 halberd.
The orc barely misses you. The gnoll barely misses you.
The gnoll sergeant hits you from afar with a +0 spear!
You shoot a sling bullet.
The sling bullet closely misses the orc.
The gnoll shouts!
The gnoll hits you from afar with a +0 spear.
The orc barely misses you.
The gnoll sergeant hits you but does no damage.
You shoot a sling bullet. The sling bullet hits the orc.
The orc is severely wounded.
The orc barely misses you.
The gnoll hits you from afar with a +0 spear.
The gnoll sergeant hits you but does no damage.
You shoot a sling bullet. The sling bullet hits the orc.
You kill the orc!
The gnoll sergeant misses you. The gnoll closely misses you.
The gnoll sergeant hits you from afar with a +0 spear.
The gnoll hits you but does no damage.
You shoot a sling bullet.
The sling bullet barely misses the gnoll.
The gnoll closely misses you.
The gnoll sergeant hits you but does no damage.
You shoot a sling bullet. The sling bullet hits the gnoll!
The gnoll is severely wounded.
The gnoll sergeant barely misses you. The gnoll hits you but does no damage.
You shoot a sling bullet.
The sling bullet closely misses the gnoll.
The gnoll hits you from afar with a +0 spear.
The gnoll sergeant hits you from afar with a +0 spear.
You shoot a sling bullet.
The sling bullet closely misses the gnoll.
The gnoll hits you from afar with a +0 spear.
The gnoll sergeant hits you from afar with a +0 spear!
The gnoll sergeant closely misses you.
The gnoll hits you from afar with a +0 spear!
You die...

#.g ##### ##..## ##....
#..... #..... +....g
#..... #..... #.....
#.... ###########..##
##...g####.#..#..#....##
#...gg.@.........#....#.
#......).........#....#.
#................#....#.
###...##...##...###...##
#... #...#########'###
..... #..............+.
.$.... #..........>...#.
......o
#..............#.
......<
#........)%....#.


You could see a gnoll sergeant and 2 gnolls.

Vanquished Creatures
  A hound (D:6)
  2 gnolls
  5 adders
  An ufetubus (D:6)
  4 worms (D:2)
  4 dart slugs
  2 orcs (D:6)
  7 endoplasms
  2 giant cockroaches (D:2)
  6 goblins
  7 hobgoblins
  6 kobolds
  6 quokkas
  5 ball pythons
  5 bats
  2 frilled lizards (D:2)
  5 rats
70 creatures vanquished.

Notes
Turn   | Place    | Note
-------+----------+-------------------------------------------
     0 | D:1      | qw the Gargoyle Hexslinger began the quest for the Orb.
     0 | D:1      | Reached XP level 1. HP: 12/12 MP: 2/2
     0 | D:1      | 0 ||| qw: Version: 0.3-a-46-gb1f654a
     0 | D:1      | 0 ||| qw: Game counter: 1858
     0 | D:1      | 0 ||| qw: Melee chars always use a shield: true
     0 | D:1      | 0 ||| qw: God list: Okawaru
     0 | D:1      | 0 ||| qw: Allow faded altars: false
     0 | D:1      | 0 ||| qw: Do Orc after clearing Dungeon:15 true
     0 | D:1      | 0 ||| qw: Do second Lair branch before Depths: true
     0 | D:1      | 0 ||| qw: Lair rune preference: random
     0 | D:1      | 0 ||| qw: Goals: Normal
     0 | D:1      | 0 ||| PLANNING D:1-11
    79 | D:1      | Reached XP level 2. HP: 16/16 MP: 3/3
   330 | D:1      | Found a faded altar of an unknown god.
   397 | D:1      | Reached skill level 3 in Ranged Weapons
   723 | D:1      | 723 ||| UPGRADING to +0 leather armour.
   733 | D:1      | 733 ||| DROPPING +0 robe.
   734 | D:1      | 734 ||| UPGRADING to amulet of guardian spirit.
   739 | D:1      | 739 ||| UPGRADING to ring of positive energy.
   740 | D:1      | 740 ||| DROPPING ring of wizardry.
   741 | D:1      | 741 ||| READING scroll labelled HUYFIUTSUD.
   744 | D:1      | 744 ||| READING scroll labelled YRHOACAU SODIS.
   757 | D:1      | 757 ||| READING scroll labelled JAOHIE LOYG.
   758 | D:1      | 758 ||| READING scroll labelled FAOSSOCKALA.
   759 | D:1      | 759 ||| DROPPING scroll of poison.
   780 | D:2      | Reached XP level 3. HP: 21/21 MP: 4/4
   820 | D:2      | Found Okirrul's Armour Emporium.
   877 | D:2      | 877 ||| SHOPLISTING +0 pair of boots (54 gold, have 47).
   877 | D:2      | 877 ||| SHOPLISTING +0 pair of boots of flying (138 gold,
                  | have 47).
   877 | D:2      | 877 ||| SHOPLISTING +1 robe of resistance (392 gold, have
                  | 47).
   877 | D:2      | 877 ||| SHOPLISTING scarf of resistance (384 gold, have
                  | 47).
   937 | D:2      | 937 ||| FLEEEEING.
   943 | D:2      | 943 ||| FLEEEEING.
   944 | D:2      | 944 ||| FLEEEEING.
   945 | D:2      | 945 ||| FLEEEEING.
   946 | D:2      | 946 ||| FLEEEEING.
   947 | D:2      | 947 ||| FLEEEEING.
   948 | D:2      | 948 ||| FLEEEEING.
   949 | D:2      | 949 ||| FLEEEEING.
  1179 | D:2      | Reached XP level 4. HP: 26/26 MP: 5/5
  1189 | D:2      | Reached skill level 4 in Ranged Weapons
  1722 | D:2      | 1722 ||| UPGRADING to +1 pair of boots.
  1727 | D:2      | 1727 ||| UPGRADING to ring of willpower.
  1728 | D:2      | 1728 ||| READING scroll labelled TEMUUL RAL.
  1729 | D:2      | 1729 ||| READING scroll labelled XOAW DASCHIE.
  1730 | D:2      | 1730 ||| READING 2 scrolls labelled HEFROBEIMOTU.
  1731 | D:2      | 1731 ||| READING 2 scrolls labelled QAOFEE PETU.
  1732 | D:2      | 1732 ||| DRINKING 2 dark potions.
  1733 | D:2      | 1733 ||| DRINKING 2 fuming grey potions.
  1734 | D:2      | 1734 ||| DROPPING scroll of amnesia.
  1751 | D:3      | Reached XP level 5. HP: 30/30 MP: 6/6
  1798 | D:3      | Reached skill level 5 in Ranged Weapons
  1799 | D:3      | You fall into a shaft and drop 3 floors!
  1800 | D:6      | 1800 ||| PLANNING OSSUARY
  1890 | D:6      | 1890 ||| Stepping ~*~*~tactically~*~*~ (outnumbered).
  1893 | D:6      | 1893 ||| Stepping ~*~*~tactically~*~*~ (outnumbered).
  1896 | D:6      | Reached skill level 3 in Fighting
  1905 | D:6      | HP: 1/32 [gnoll sergeant/+0 spear (10)]
  1905 | D:6      | Mangled by a gnoll

Levels and vault maps discovered:
D:1:      arrival_zaba_pyramid, layout_loops_ring,
          shapermc_ecumenical_altar_hornbeckon
D:2:      minmay_alternating_diamond, layout_basic, serial_shops, shop,
          minmay_joined_circles
D:3:      layout_loops_ring, chequers_temple_overflow_minitemple,
          minmay_circle_x
D:6:      layout_gridville, minmay_temple_entry_butterflies, enter_ossuary_3

Skill      XL: |  1  2  3  4  5 |
---------------+----------------+-----
Ranged Weapons | 3 4 5 |  5.0
Fighting       | 2 3 |  3.0
Dodging        | |  1.5
Spellcasting   | |  1.0
Hexes          | |  2.6

Action                     |  1- 3 |  4- 6 || total
---------------------------+-------+-------++-------
   Fire: Sling             |   140 |   146 ||   286
    Use: Scroll            |     4 |     4 ||     8
         Potion            |       |     2 ||     2
 Armour: Robe              |     8 |       ||     8
         Leather armour    |    12 |    38 ||    50
  Dodge: Dodged            |    50 |    70 ||   120

Table legend:
 A = Non-vault XP
 B = Vault XP
 C = Vault XP percentage of total XP
 D = Non-vault monster count
 E = Vault monster count
 F = Vault count percentage of total count
                 A         B        C        D         E       F
            +---------+---------+-------+---------+---------+-------
      Total |     216 |      55 |  20.3 |      51 |      19 |  27.1
            +---------+---------+-------+---------+---------+-------
        D:1 |      32 |       0 |   0.0 |      16 |       0 |   0.0
        D:2 |      75 |      55 |  42.3 |      21 |      19 |  47.5
        D:3 |      41 |       0 |   0.0 |       9 |       0 |   0.0
        D:6 |      68 |       0 |   0.0 |       5 |       0 |   0.0
            +---------+---------+-------+---------+---------+-------
